TOP OF THE 1ST |
---|
Fort Collins Commoners batting - Pitching for Logan Swans : RHP Carlos Abrante | Pitching: RHP Carlos Abrante | | Batting: LHB Matt Taylor | 0-0: Foul Ball, location: 2F 0-1: DOUBLE (Line Drive, 9LM) | Batting: RHB António Díaz | 0-0: Called Strike 0-1: Ball 1-1: Called Strike 1-2: Ball 2-2: Foul Ball, location: 2F 2-2: Strikes out swinging | Batting: LHB Jesús González | 0-0: Called Strike 0-1: Ball 1-1: Foul Ball, location: 2F 1-2: Strikes out looking | Batting: RHB David Brady | 0-0: Ground out 6-3 (Groundball, 6) | Top of the 1st over - 0 runs, 1 hit, 0 errors, 1 left on base; Fort Collins 0 - Logan 0 | BOTTOM OF THE 1ST |
---|
Logan Swans batting - Pitching for Fort Collins Commoners : RHP Eugene Johnston | Pitching: RHP Eugene Johnston | | Batting: RHB Ricardo Manegdeg | 0-0: Foul Ball, location: 2F 0-1: Ball 1-1: Fly out, F5 (Line Drive, 56) | Batting: RHB Francisco Durango | 0-0: Called Strike 0-1: Called Strike 0-2: Ball 1-2: Strikes out swinging | Batting: SHB Torajiro Ito | 0-0: Foul Ball, location: 2F 0-1: Foul Ball, location: 2F 0-2: Ball 1-2: Ball 2-2: Ball 3-2: Strikes out swinging | Bottom of the 1st over - 0 runs, 0 hits, 0 errors, 0 left on base; Fort Collins 0 - Logan 0 | TOP OF THE 2ND |
---|
Fort Collins Commoners batting - Pitching for Logan Swans : RHP Carlos Abrante | Batting: LHB Caleb Ruíz | 0-0: Foul Ball, location: 2F 0-1: Called Strike 0-2: Ball 1-2: Foul Ball, location: 2F 1-2: Foul Ball, location: 2F 1-2: Ball 2-2: Fly out, F7 (Line Drive, 7D) | Batting: RHB Edward Green | 0-0: Swinging Strike 0-1: Foul Ball, location: 2F 0-2: Ball 1-2: Ball 2-2: Foul Ball, location: 2F 2-2: Ball 3-2: DOUBLE (Line Drive, 8LD) | Batting: SHB Paul Davenport | 0-0: Foul Ball, location: 2F 0-1: Ball 1-1: Foul Ball, location: 2F 1-2: DOUBLE (Line Drive, 9LS) Edward Green scores | Batting: RHB António Rodríguez | 0-0: Foul Ball, location: 2F 0-1: Foul Ball, location: 2F 0-2: Foul Ball, location: 2F 0-2: Ball 1-2: Ball 2-2: Strikes out swinging, 2-3 out at first. | Batting: RHB Ron Moore | 0-0: Called Strike 0-1: Ball 1-1: Ball 2-1: Ball 3-1: Foul Ball, location: 2F 3-2: Foul Ball, location: 2F 3-2: Base on Balls | Batting: LHB Matt Taylor | 0-0: Foul Ball, location: 2F 0-1: Ball 1-1: Called Strike 1-2: Ground out 1-3 (Groundball, 13) | Top of the 2nd over - 1 run, 2 hits, 0 errors, 2 left on base; Fort Collins 1 - Logan 0 | BOTTOM OF THE 2ND |
---|
Logan Swans batting - Pitching for Fort Collins Commoners : RHP Eugene Johnston | Batting: RHB Bill Becker | 0-0: Swinging Strike 0-1: Ground out 5-3 (Groundball, 56S) | Batting: RHB Amando Ursulo | 0-0: Ball 1-0: Ball 2-0: Called Strike 2-1: Foul Ball, location: 2F 2-2: Foul Ball, location: 2F 2-2: Ground out 6-3 (Groundball, 6S) | Batting: SHB Francisco García | 0-0: Ball 1-0: Ball 2-0: Called Strike 2-1: Foul Ball, location: 2F 2-2: Foul Ball, location: 2F 2-2: Fly out, F6 (Popup, 4M) | Bottom of the 2nd over - 0 runs, 0 hits, 0 errors, 0 left on base; Fort Collins 1 - Logan 0 | TOP OF THE 3RD |
---|
Fort Collins Commoners batting - Pitching for Logan Swans : RHP Carlos Abrante | Batting: RHB António Díaz | 0-0: Swinging Strike 0-1: Ball 1-1: Foul Ball, location: 2F 1-2: SINGLE (Line Drive, 8RS) | Batting: LHB Jesús González | 0-0: Ball 1-0: Ball 2-0: Ball 3-0: Swinging Strike 3-1: Swinging Strike 3-2: Foul Ball, location: 2F 3-2: Foul Ball, location: 2F 3-2: Strikes out swinging | Batting: RHB David Brady | 0-0: Ball António Díaz steals 2nd base 1-0: Ground out 6-3 (Groundball, 6) António Díaz to third | Batting: LHB Caleb Ruíz | 0-0: Ball 1-0: Ground out 6-3 (Groundball, 6) | Top of the 3rd over - 0 runs, 1 hit, 0 errors, 1 left on base; Fort Collins 1 - Logan 0 | BOTTOM OF THE 3RD |
---|
Logan Swans batting - Pitching for Fort Collins Commoners : RHP Eugene Johnston | Batting: RHB Víctor Cuevas | 0-0: Called Strike 0-1: Swinging Strike 0-2: Foul Ball, location: 2F 0-2: Ground out 3-1 (Groundball, 3S) | Batting: RHB Carlos Escobar | 0-0: Called Strike 0-1: Ball 1-1: Ground out 6-3 (Groundball, 6) | Batting: RHB Sergio Mora | 0-0: Called Strike 0-1: Ball 1-1: Ball 2-1: Hit by Pitch | Batting: RHB Ricardo Manegdeg | 0-0: Ball Sergio Mora steals 2nd base 1-0: Ball 2-0: Ball 3-0: Called Strike 3-1: Swinging Strike 3-2: Fly out, F9 (Flyball, 9S) | Bottom of the 3rd over - 0 runs, 0 hits, 0 errors, 1 left on base; Fort Collins 1 - Logan 0 | TOP OF THE 4TH |
---|
Fort Collins Commoners batting - Pitching for Logan Swans : RHP Carlos Abrante | Batting: RHB Edward Green | 0-0: Ball 1-0: Foul Ball, location: 2F 1-1: Called Strike 1-2: Foul Ball, location: 2F 1-2: Strikes out looking | Batting: SHB Paul Davenport | 0-0: Swinging Strike 0-1: Foul Ball, location: 2F 0-2: Ball 1-2: Fly out, F9 (Flyball, 9) | Batting: RHB António Rodríguez | 0-0: Fly out, F3 (Popup, 23F) | Top of the 4th over - 0 runs, 0 hits, 0 errors, 0 left on base; Fort Collins 1 - Logan 0 | BOTTOM OF THE 4TH |
---|
Logan Swans batting - Pitching for Fort Collins Commoners : RHP Eugene Johnston | Batting: RHB Francisco Durango | 0-0: Called Strike 0-1: Ball 1-1: Foul Ball, location: 2F 1-2: Strikes out looking | Batting: SHB Torajiro Ito | 0-0: Called Strike 0-1: SINGLE (Groundball, 34S) (infield hit) | Batting: RHB Bill Becker | 0-0: Ball 1-0: Foul Ball, location: 2F 1-1: Swinging Strike 1-2: Fielders Choice at 2nd, 6-4 (Groundball, 6M) | Batting: RHB Amando Ursulo | 0-0: Called Strike 0-1: Ball 1-1: Ball 2-1: Called Strike 2-2: Ball 3-2: Fly out, F7 (Flyball, 7) | Bottom of the 4th over - 0 runs, 1 hit, 0 errors, 1 left on base; Fort Collins 1 - Logan 0 | TOP OF THE 5TH |
---|
Fort Collins Commoners batting - Pitching for Logan Swans : RHP Carlos Abrante | Batting: RHB Ron Moore | 0-0: Swinging Strike 0-1: Ball 1-1: Called Strike 1-2: Ball 2-2: Ball 3-2: SINGLE (Groundball, 6D) | Batting: LHB Matt Taylor | 0-0: Called Strike 0-1: Ball Ron Moore steals 2nd base 1-1: Ball 2-1: Ball 3-1: Base on Balls | Batting: RHB António Díaz | 0-0: Ball 1-0: Ball 2-0: Called Strike 2-1: Called Strike 2-2: Fly out, F6 (Popup, 56) | Batting: LHB Jesús González | 0-0: Ball 1-0: Called Strike 1-1: SINGLE (Groundball, 34D) Ron Moore to third Matt Taylor to second Runner from 3rd tries for Home, SAFE, no throw | Batting: RHB David Brady | 0-0: Foul Ball, location: 2F 0-1: Called Strike 0-2: Foul Ball, location: 2F 0-2: Ball 1-2: Ball 2-2: Foul Ball, location: 2F 2-2: Ball 3-2: Ground out 3-1 (Groundball, 34S) Matt Taylor to third Jesús González to second | Pitching: RHP Gerardo Durango | | Batting: LHB Caleb Ruíz | 0-0: Ball 1-0: Ball 2-0: Ball 3-0: Called Strike 3-1: Called Strike 3-2: Foul Ball, location: 2F 3-2: Fly out, F9 (Line Drive, 9) | Top of the 5th over - 1 run, 2 hits, 0 errors, 2 left on base; Fort Collins 2 - Logan 0 | BOTTOM OF THE 5TH |
---|
Logan Swans batting - Pitching for Fort Collins Commoners : RHP Eugene Johnston | Batting: SHB Francisco García | 0-0: Ball 1-0: Called Strike 1-1: Ball 2-1: Called Strike 2-2: Ball 3-2: Foul Ball, location: 2F 3-2: Strikes out swinging | Batting: RHB Víctor Cuevas | 0-0: Called Strike 0-1: Ball 1-1: Ball 2-1: Fly out, F8 (Flyball, 8RD) | Batting: RHB Carlos Escobar | 0-0: Foul Ball, location: 2F 0-1: Ball 1-1: DOUBLE (Line Drive, 8RD) | Batting: RHB Sergio Mora | 0-0: Ball 1-0: Foul Ball, location: 2F 1-1: Ball 2-1: Ball Passed Ball! Carlos Escobar to third 3-1: Fly out, F9 (Flyball, 89D) | Bottom of the 5th over - 0 runs, 1 hit, 0 errors, 1 left on base; Fort Collins 2 - Logan 0 | TOP OF THE 6TH |
---|
Fort Collins Commoners batting - Pitching for Logan Swans : RHP Gerardo Durango | Batting: RHB Edward Green | 0-0: Called Strike 0-1: Ground out 6-3 (Groundball, 6) | Batting: SHB Paul Davenport | 0-0: DOUBLE (Line Drive, 9LM) | Batting: RHB António Rodríguez | 0-0: Ball 1-0: Ball 2-0: Ball 3-0: Base on Balls | Batting: RHB Ron Moore | 0-0: Ball 1-0: Fly out, F8 (Flyball, 8RM) | Batting: LHB Matt Taylor | 0-0: Called Strike 0-1: Ball 1-1: SINGLE (Line Drive, 4M) Paul Davenport to third António Rodríguez to second | Batting: RHB António Díaz | 0-0: Called Strike 0-1: Fly out, F4 (Line Drive, 4) | Top of the 6th over - 0 runs, 2 hits, 0 errors, 3 left on base; Fort Collins 2 - Logan 0 | BOTTOM OF THE 6TH |
---|
Logan Swans batting - Pitching for Fort Collins Commoners : RHP Eugene Johnston | Batting: RHB Ricardo Manegdeg | 0-0: Called Strike 0-1: Ball 1-1: SOLO HOME RUN (Flyball, 7LD), Distance : 353 ft | Batting: RHB Francisco Durango | 0-0: Called Strike 0-1: Ball 1-1: Foul Ball, location: 2F 1-2: Strikes out swinging | Batting: SHB Torajiro Ito | 0-0: Ball 1-0: Ball 2-0: Called Strike 2-1: Foul Ball, location: 2F 2-2: Strikes out swinging, 2-3 out at first. | Batting: RHB Bill Becker | 0-0: Ball 1-0: Foul Ball, location: 2F 1-1: Ball 2-1: Ground out 4-3 (Groundball, 4) | Bottom of the 6th over - 1 run, 1 hit, 0 errors, 0 left on base; Fort Collins 2 - Logan 1 | TOP OF THE 7TH |
---|
Fort Collins Commoners batting - Pitching for Logan Swans : RHP Gerardo Durango | Batting: LHB Jesús González | 0-0: Called Strike 0-1: Ball 1-1: DOUBLE (Flyball, 8LD) | Pinch Hitting: RHB Shawn López | 0-0: Foul Ball, location: 2F 0-1: Foul Ball, location: 2F 0-2: Ball 1-2: Ball 2-2: Foul Ball, location: 2F 2-2: Ball 3-2: 2-RUN HOME RUN (Flyball, 7D), Distance : 381 ft | Pitching: RHP Ángel Benítez | | Batting: LHB Caleb Ruíz | 0-0: Called Strike 0-1: Ball 1-1: Ball 2-1: Foul Ball, location: 2F 2-2: Ground out 4-3 (Groundball, 34) | Batting: RHB Edward Green | 0-0: Ground out 6-3 (Groundball, 6) | Batting: SHB Paul Davenport | 0-0: Ball 1-0: Called Strike 1-1: Ball 2-1: Ground out 6-3 (Groundball, 6) | Top of the 7th over - 2 runs, 2 hits, 0 errors, 0 left on base; Fort Collins 4 - Logan 1 | BOTTOM OF THE 7TH |
---|
Logan Swans batting - Pitching for Fort Collins Commoners : RHP Eugene Johnston | Now in CF: Ismael Rodríguez | | Batting: RHB Amando Ursulo | 0-0: Called Strike 0-1: Ball 1-1: Ball 2-1: Foul Ball, location: 2F 2-2: Ball 3-2: Fly out, F8 (Flyball, 8LD) | Batting: SHB Francisco García | 0-0: Called Strike 0-1: Ball 1-1: Reached on error, E3 (Line Drive, 34S) | Batting: RHB Víctor Cuevas | 0-0: Fly out, F9 (Flyball, 89M) | Batting: RHB Carlos Escobar | 0-0: Ball 1-0: Ball 2-0: Fielders Choice at 2nd, 6-4 (Groundball, 6) | Bottom of the 7th over - 0 runs, 0 hits, 1 error, 1 left on base; Fort Collins 4 - Logan 1 | TOP OF THE 8TH |
---|
Fort Collins Commoners batting - Pitching for Logan Swans : RHP Ángel Benítez | Batting: RHB António Rodríguez | 0-0: Foul Ball, location: 2F 0-1: Swinging Strike 0-2: Ball 1-2: Ball 2-2: Strikes out looking | Batting: RHB Ron Moore | 0-0: TRIPLE (Flyball, 78XD) | Batting: LHB Matt Taylor | 0-0: Intentional Walk | Batting: RHB António Díaz | 0-0: Called Strike 0-1: Called Strike 0-2: DOUBLE (Flyball, 89D) Ron Moore scores Matt Taylor to third Runner from 3rd tries for Home, SAFE, no throw | Batting: LHB Jesús González | 0-0: Swinging Strike 0-1: Called Strike 0-2: Strikes out swinging | Batting: RHB Ismael Rodríguez | 0-0: Foul Ball, location: 2F 0-1: Foul Ball, location: 2F 0-2: Strikes out swinging | Top of the 8th over - 2 runs, 2 hits, 0 errors, 1 left on base; Fort Collins 6 - Logan 1 | BOTTOM OF THE 8TH |
---|
Logan Swans batting - Pitching for Fort Collins Commoners : RHP Eugene Johnston | Pitching: LHP Paul Carson | | Now at 2B: Montego Martínez | | Now at SS: Sherman Cummings | | Batting: RHB Sergio Mora | 0-0: Called Strike 0-1: Swinging Strike 0-2: Ball 1-2: Foul Ball, location: 2F 1-2: Strikes out swinging | Batting: RHB Ricardo Manegdeg | 0-0: Ball 1-0: Called Strike 1-1: Fly out, F4 (Popup, 13) | Batting: RHB Francisco Durango | 0-0: Called Strike 0-1: Ground out U3 (Groundball, 3L) | Bottom of the 8th over - 0 runs, 0 hits, 0 errors, 0 left on base; Fort Collins 6 - Logan 1 | TOP OF THE 9TH |
---|
Fort Collins Commoners batting - Pitching for Logan Swans : RHP Ángel Benítez | Pitching: RHP Tony Parker | | Batting: LHB Caleb Ruíz | 0-0: Swinging Strike 0-1: Ball 1-1: Ball 2-1: Foul Ball, location: 2F 2-2: Ball 3-2: Ground out 1-3 (Groundball, P) | Batting: RHB Edward Green | 0-0: Ball 1-0: SINGLE (Groundball, 56D) | Batting: SHB Paul Davenport | 0-0: Ball 1-0: Ball 2-0: Called Strike 2-1: Swinging Strike 2-2: Foul Ball, location: 2F 2-2: Foul Ball, location: 2F 2-2: Strikes out swinging | Batting: RHB António Rodríguez | 0-0: Ball 1-0: SINGLE (Groundball, 34D) Edward Green to second Runner from 2nd tries for 3rd, SAFE, no throw | Batting: RHB Ron Moore | 0-0: SINGLE (Groundball, 34D) Edward Green scores António Rodríguez to second Runner from 2nd tries for 3rd, SAFE, no throw | Batting: RHB Sherman Cummings | 0-0: Foul Ball, location: 2F 0-1: Swinging Strike 0-2: Foul Ball, location: 2F 0-2: Ground out 5-3 (Groundball, 56) | Top of the 9th over - 1 run, 3 hits, 0 errors, 2 left on base; Fort Collins 7 - Logan 1 | BOTTOM OF THE 9TH |
---|
Logan Swans batting - Pitching for Fort Collins Commoners : LHP Paul Carson | Now at C: Alberto Cabrera | | Batting: SHB Torajiro Ito | 0-0: SOLO HOME RUN (Flyball, 7LD), Distance : 363 ft | Batting: RHB Bill Becker | 0-0: Called Strike 0-1: Ball 1-1: Ball 2-1: Foul Ball, location: 2F 2-2: Foul Ball, location: 2F 2-2: Foul Ball, location: 2F 2-2: Fly out, F9 (Flyball, 9) | Batting: RHB Amando Ursulo | 0-0: Called Strike 0-1: Ball 1-1: Ball 2-1: Foul Ball, location: 2F 2-2: SINGLE (Groundball, 6MD) | Batting: SHB Francisco García | 0-0: Ball 1-0: Ground out 6-3 (Groundball, 6MS) Amando Ursulo to second | Batting: RHB Víctor Cuevas | 0-0: Called Strike 0-1: Ball 1-1: Swinging Strike 1-2: 2-RUN HOME RUN (Flyball, 7D), Distance : 400 ft | Pitching: RHP Vincente Ferreira | | Batting: RHB Carlos Escobar | 0-0: Fly out, F9 (Flyball, 9D) | Bottom of the 9th over - 3 runs, 3 hits, 0 errors, 0 left on base; Fort Collins 7 - Logan 4 | |